 Dungeon Crawl Stone Soup version 0.21.0-3-g78d12a8 (webtiles) character file.

10276 magipi the Carver (level 11, -29/121 HPs)
             Began as a Vampire Berserker on Jan 16, 2018.
             Was a High Priest of Trog.
             Killed from afar by a storm dragon (39 damage)
             ... with a bolt of lightning
             ... on level 11 of the Dungeon.
             The game lasted 00:52:36 (11506 turns).

magipi the Carver (Vampire Berserker)              Turns: 11506, Time: 00:52:36

Health: -29/121    AC: 20    Str: 24    XL:     11   Next: 34%
Magic:  15/15      EV: 13    Int: 10    God:    Trog [*****.]
Gold:   373        SH: 10    Dex: 14    Spells: 10/10 levels left

rFire    + . .     SeeInvis +   a - +1 scimitar (freeze)
rCold    + . .     Gourm    .   x - +2 buckler
rNeg     + + .     Faith    .   f - +0 chain mail
rPois    +         Spirit   .   q - +2 helmet
rElec    .         Reflect  +   E - +1 cloak
rCorr    .         Harm     .   p - +1 pair of gloves
MR       +....                  D - +1 pair of boots
Stlth    ..........             s - +3 amulet of reflection
HPRegen  0.15/turn              (no ring)
MPRegen  0.14/turn              (no ring)

@: berserking (expiring), regenerating slowly, very quick
A: fangs 3, talons 1, see invisible, fire resistance 1, unbreathing
a: Bat Form, Berserk, Trog's Hand, Brothers in Arms, Burn Spellbooks, Renounce
Religion


You were on level 11 of the Dungeon.
You worshipped Trog.
Trog was extremely pleased with you.
You were very thirsty.

You visited 1 branch of the dungeon, and saw 11 of its levels.
You also visited: Ossuary.

You collected 778 gold pieces.
You spent 405 gold pieces at shops.

Inventory:

Hand Weapons
 a - a +1 scimitar of freezing (weapon)
   (You took it off an orc warrior on level 6 of the Dungeon)
 b - a +0 blowgun
   (You took it off a kobold on level 3 of the Dungeon)
 y - a +3 antimagic long sword
   (You bought it in a shop on level 6 of the Dungeon)
Missiles
 o - 22 poisoned needles
 C - a throwing net (quivered)
Armour
 f - a +0 chain mail (worn)
   (You found it on level 1 of the Dungeon)
 p - a +1 pair of gloves (worn)
   (You found it on level 2 of the Dungeon)
 q - a +2 helmet (worn)
   (You found it on level 3 of the Dungeon)
 x - a +2 buckler (worn)
   (You found it on level 10 of the Dungeon)
 D - a +1 pair of boots (worn)
   (You bought it in a shop on level 10 of the Dungeon)
 E - a +1 cloak (worn)
   (You bought it in a shop on level 10 of the Dungeon)
Jewellery
 s - a +3 amulet of reflection (around neck)
   (You took it off a kobold on level 3 of the Dungeon)
Wands
 h - a wand of paralysis (5)
   (You found it on level 6 of the Dungeon)
 m - a wand of iceblast (14)
   (You found it on level 2 of the Dungeon)
Scrolls
 j - 2 scrolls of identify
 k - 3 scrolls of teleportation
 l - 2 scrolls of enchant weapon
 u - a scroll of blinking
 v - 6 scrolls of remove curse
 w - 3 scrolls of enchant armour
Potions
 c - 10 potions of blood
 d - 5 potions of heal wounds
 e - 3 potions of flight
 g - a potion of invisibility
 i - 2 potions of might
 n - 3 potions of curing
 r - 2 potions of mutation
 t - a potion of haste
 z - a potion of brilliance
 A - 2 potions of cancellation
Miscellaneous
 B - a phantom mirror


   Skills:
 - Level 6.2 Fighting
 - Level 11.0 Long Blades
 + Level 6.6 Armour
 + Level 8.7 Dodging
 + Level 3.5 Shields
 + Level 5.4 Evocations


You had 10 spell levels left.
You didn't know any spells.

Dungeon Overview and Level Annotations

Branches:
Dungeon (11/15)            Temple (0/1) D:5            Lair (0/6) D:10
    Orc (0/2) D:10

Altars:
Cheibriados
Dithmenos
Fedhas

Shops:
D:6 *   D:10 [(


Innate Abilities, Weirdness & Mutations

You heal slowly.
You have razor-sharp teeth.
You have supernaturally acute eyesight. (SInv)
You can survive without breathing.
You have sharp toenails.
Your flesh is heat resistant. (rF+)


Message History

The flayed ghost is severely damaged.
The storm dragon roars deafeningly!
You block the flayed ghost's attack.
The storm dragon breathes lightning at you.
The bolt of lightning hits you!
Unknown command.
A red film seems to cover your vision as you go berserk!
You feel yourself moving faster!
You feel mighty!
You are feeling very thirsty.
The flayed ghost hits you but does no damage.
You miss the flayed ghost.
The flayed ghost is severely damaged.
You block the storm dragon's attack. The storm dragon claws you!
The storm dragon tramples you but does no damage.
The flayed ghost hits you but does no damage.
You barely miss the flayed ghost.
The flayed ghost is severely damaged.
You slash the flayed ghost! You freeze the flayed ghost.
The flayed ghost is almost destroyed.
You block the storm dragon's attack. x3; The flayed ghost hits you!
You slice the flayed ghost!! You freeze the flayed ghost.
You destroy the flayed ghost!
Trog accepts your kill.
The storm dragon bites you but does no damage.
The storm dragon claws you.
The storm dragon tramples you but does no damage.
You slash the storm dragon! You freeze the storm dragon.
You bite the storm dragon, but do no damage.
The storm dragon is lightly wounded.
You closely miss the storm dragon.
You bite the storm dragon, but do no damage.
The storm dragon is lightly wounded.
The storm dragon breathes lightning at you.
The bolt of lightning hits you!
You hit the storm dragon but do no damage.
The storm dragon is lightly wounded.
The storm dragon bites you but does no damage.
The storm dragon claws you but does no damage.
The storm dragon closely misses you.
Unknown command.
You closely miss the storm dragon.
The storm dragon is lightly wounded.
You slice the storm dragon!! You freeze the storm dragon.
The storm dragon is moderately wounded.
You block the storm dragon's attack. The storm dragon claws you.
* * * LOW HITPOINT WARNING * * *
You block the storm dragon's attack.
You closely miss the storm dragon. Your bite misses the storm dragon.
The storm dragon is moderately wounded.
The storm dragon bites you!
* * * LOW HITPOINT WARNING * * *
The storm dragon claws you.
* * * LOW HITPOINT WARNING * * *
The storm dragon tramples you.
* * * LOW HITPOINT WARNING * * *
You stumble backwards!
You slice the storm dragon!! You freeze the storm dragon.
The storm dragon is heavily wounded.
Unknown command.
You slash the storm dragon! You freeze the storm dragon.
The storm dragon is severely wounded.
The storm dragon barely misses you. You block the storm dragon's attack.
The storm dragon misses you.
Unknown command.
You closely miss the storm dragon. You bite the storm dragon.
You draw the storm dragon's blood!
You feel better.
You feel slightly less thirsty.
The storm dragon is severely wounded.
You block the storm dragon's attack. The storm dragon claws you.
* * * LOW HITPOINT WARNING * * *
You block the storm dragon's attack.
You closely miss the storm dragon.
The storm dragon is severely wounded.
Unknown command.
You barely miss the storm dragon. Your bite misses the storm dragon.
The storm dragon is severely wounded.
The storm dragon breathes lightning at you.
The bolt of lightning misses you.
Unknown command.
You closely miss the storm dragon.
You bite the storm dragon, but do no damage.
The storm dragon is severely wounded.
The storm dragon bites you.
* * * LOW HITPOINT WARNING * * *
The storm dragon claws you.
* * * LOW HITPOINT WARNING * * *
The storm dragon tramples you but does no damage.
You closely miss the storm dragon.
The storm dragon is severely wounded.
The storm dragon breathes lightning at you.
The bolt of lightning misses you.
Unknown command.
You hit the storm dragon. You freeze the storm dragon.
The storm dragon is severely wounded.
Unknown command.
You hit the storm dragon.
The storm dragon is severely wounded.
The storm dragon breathes lightning at you.
The bolt of lightning hits you!
You die...

####'## #.#
###############.#
#...............#
###....(#################
#.......รท.....##...#....#
#.##...)#####.##.#.#.##.#
#...###.# #.#.##.#...##.#
###.# #.# #..@...######.#
#.# #.###.#D...## #.# #.#
#.....#.....# #.# ##
#.##########....# #.# #.
#.......(..'....# #.# #.
###..)....##...## #.#####.
#..)#...##...# #.......
#.#####.###### #####...
#.#####.# #...


You could see a storm dragon.

Vanquished Creatures
  A deep elf high priest (D:11)
  An ogre mage (D:11)
  A two-headed ogre (D:9)
  A flayed ghost (D:11)
  Pikel (D:4)
  Joseph (D:10)
  A merfolk (D:9)
  A troll (D:11)
  The ghost of dobroeutro the Slasher, an amateur DsFi (D:4)
  Prince Ribbit (D:9)
  2 wraiths
  Eustachio (D:4)
  Grum (D:8)
  Edmund (D:6)
  3 water moccasins
  3 black bears
  2 sky beasts
  4 ice beasts
  A phantom (D:7)
  4 orc warriors
  2 wolves
  A necrophage (D:11)
  6 ogres
  6 centaurs
  A big kobold (D:7)
  5 bullfrogs
  4 scorpions
  A water moccasin skeleton (D:5)
  10 killer bees
  3 wights
  3 howler monkeys (D:7)
  3 crimson imps
  A wyvern simulacrum (D:11)
  A bullfrog zombie (D:11)
  2 bullfrog skeletons (D:11)
  3 hounds
  5 jellies
  6 orc wizards
  A gnoll shaman (D:9)
  An orc priest (D:8)
  3 iguanas
  3 worker ants
  A hound zombie (D:10)
  3 hound skeletons
  3 mummies (Ossuary)
  A howler monkey zombie (D:6)
  3 worker ant zombies
  6 gnolls
  A howler monkey skeleton (D:4)
  8 adders
  5 shadow imps
  A white imp (D:9)
  A worm (D:5)
  5 dart slugs
  7 leopard geckos
  31 orcs
  2 ball pythons
  3 giant cockroaches
  7 goblins
  7 hobgoblins
  2 jackals (D:7)
  18 kobolds
  3 quokkas
  A ball python skeleton (D:4)
  11 bats
  8 frilled lizards
  3 goblin zombies (Ossuary)
  3 hobgoblin zombies (Ossuary)
  6 kobold zombies (Ossuary)
  A quokka zombie (D:7)
  13 rats
  A rat zombie (D:7)
268 creatures vanquished.

Vanquished Creatures (others)
  2 slaves (D:5)
  An ogre (D:5)
  A centaur (D:11)
  A bullfrog zombie (D:5)
  An orc wizard (D:5)
  An orc priest (D:5)
  A worker ant zombie (D:5)
  2 gnolls (D:5)
  A worm (D:5)
  4 orcs (D:5)
15 creatures vanquished.

Grand Total: 283 creatures vanquished

Notes
Turn   | Place    | Note
-------+----------+-------------------------------------------
     0 | D:1      | magipi the Vampire Berserker began the quest for the Orb.
     0 | D:1      | Reached XP level 1. HP: 17/17 MP: 1/1
   392 | D:1      | Reached XP level 2. HP: 21/23 MP: 2/2
   721 | D:1      | Reached ** piety under Trog
   737 | D:1      | Reached XP level 3. HP: 29/29 MP: 3/3
  1138 | D:2      | Noticed a scorpion
  1159 | D:2      | Killed a scorpion
  1159 | D:2      | Reached skill level 4 in Long Blades
  1159 | D:2      | Reached XP level 4. HP: 18/35 MP: 4/4
  2549 | D:3      | Reached skill level 5 in Long Blades
  2553 | D:3      | Reached XP level 5. HP: 42/42 MP: 5/5
  2670 | D:3      | Got a fine leather armour
  2812 | D:4      | Noticed dobroeutro's ghost (amateur DsFi)
  2827 | D:4      | Killed dobroeutro's ghost
  2827 | D:4      | Reached skill level 6 in Long Blades
  2827 | D:4      | Reached XP level 6. HP: 49/49 MP: 6/6
  2908 | D:4      | Identified the +3 leather armour of the Valley {*Drain rCorr MP+9 Str+9} (You found it on level 3 of the Dungeon)
  3625 | D:4      | Reached XP level 7. HP: 55/55 MP: 7/7
  3661 | D:4      | Reached *** piety under Trog
  3661 | D:4      | Reached skill level 7 in Long Blades
  3910 | D:5      | Entered Level 5 of the Dungeon
  4001 | D:5      | Noticed Pikel
  4021 | D:4      | Killed Pikel
  4021 | D:4      | Reached skill level 5 in Fighting
  4021 | D:4      | Reached skill level 8 in Long Blades
  4021 | D:4      | Reached XP level 8. HP: 64/64 MP: 8/8
  4206 | D:5      | Noticed Eustachio
  4330 | D:4      | Killed Eustachio
  4527 | D:5      | Reached skill level 9 in Long Blades
  4578 | D:5      | Found a blossoming altar of Fedhas.
  4872 | D:5      | Found a staircase to the Ecumenical Temple.
  5044 | D:5      | Gained mutation: You have sharp toenails. [potion of mutation]
  5044 | D:5      | Gained mutation: Your flesh is heat resistant. (rF+) [potion of mutation]
  5689 | D:6      | Reached XP level 9. HP: 69/69 MP: 9/9
  5708 | D:6      | Found Rilirhot's Assorted Antiques.
  5716 | D:6      | Bought a glowing long sword for 221 gold pieces
  5716 | D:6      | Bought a scroll of identify for 68 gold pieces
  5805 | D:6      | Noticed Edmund
  5810 | D:6      | Killed Edmund
  5810 | D:6      | Reached skill level 10 in Long Blades
  5897 | D:6      | Reached **** piety under Trog
  5909 | D:6      | Found a shadowy altar of Dithmenos.
  6511 | D:7      | Received a gift from Trog
  6748 | D:7      | Reached skill level 5 in Dodging
  6804 | D:7      | Found a sand-covered staircase.
  6825 | Ossuary  | Entered an ossuary
  7037 | Ossuary  | Reached skill level 11 in Long Blades
  7661 | D:8      | Reached skill level 1 in Evocations
  7737 | D:8      | Found a snail-covered altar of Cheibriados.
  7904 | D:8      | Noticed Grum
  7913 | D:7      | Reached XP level 10. HP: 61/76 MP: 11/11
  8585 | D:8      | Found a snail-covered altar of Cheibriados.
  8655 | D:8      | Killed Grum
  8655 | D:8      | Reached ***** piety under Trog
  8731 | D:9      | Noticed a two-headed ogre
  8744 | D:9      | Killed a two-headed ogre
  8744 | D:9      | Reached skill level 5 in Armour
  9557 | D:9      | Noticed Prince Ribbit
  9610 | D:9      | Killed Prince Ribbit
 10089 | D:10     | Entered Level 10 of the Dungeon
 10213 | D:10     | Found Vamnom's Weapon Boutique.
 10213 | D:10     | Found a staircase to the Orcish Mines.
 10213 | D:10     | Found Wuokkaon's Armour Boutique.
 10239 | D:10     | Bought a +0 pair of boots for 58 gold pieces
 10239 | D:10     | Bought a +0 cloak for 58 gold pieces
 10405 | D:10     | Found a staircase to the Lair.
 10511 | D:10     | Noticed Joseph
 10521 | D:10     | Killed Joseph
 10521 | D:10     | Reached skill level 1 in Shields
 11199 | D:11     | Reached XP level 11. HP: 74/81 MP: 14/14
 11211 | D:11     | Noticed a deep troll
 11211 | D:11     | Noticed a flayed ghost
 11211 | D:11     | Noticed an unseen horror
 11212 | D:11     | Noticed an ogre mage
 11213 | D:11     | Noticed an ettin
 11398 | D:11     | Noticed a deep elf high priest
 11421 | D:11     | Killed an ogre mage
 11421 | D:11     | Reached skill level 5 in Evocations
 11425 | D:11     | Killed a deep elf high priest
 11485 | D:11     | Noticed a storm dragon
 11491 | D:11     | Killed a flayed ghost
 11506 | D:11     | Killed from afar by a storm dragon

Skill      XL: |  1  2  3  4  5  6  7  8  9 10 11 |
---------------+----------------------------------+-----
Fighting       | 3 4 5 6 |  6.2
Long Blades    | 4 5 6 8 9 11 | 11.0
Armour         | 2 4 6 |  6.6
Dodging        | 3 5 8 |  8.7
Evocations     | 1 4 5 |  5.4
Shields        | 2 3 |  3.5

Action                   |  1- 3 |  4- 6 |  7- 9 | 10-12 || total
-------------------------+-------+-------+-------+-------++-------
Melee: Falchion          |    76 |   200 |   207 |       ||   483
       Bite              |     5 |    28 |    55 |    40 ||   128
       Kick              |       |       |    71 |    39 ||   110
       Long sword        |       |       |   151 |       ||   151
       Scimitar          |       |       |    29 |   302 ||   331
 Fire: Blowgun           |       |       |       |     3 ||     3
Invok: Berserk           |       |     1 |     9 |     7 ||    17
       Burn Spellbooks   |       |       |     2 |     3 ||     5
       Trog's Hand       |       |       |       |     1 ||     1
  Use: Potion            |       |    13 |    14 |    10 ||    37
       Scroll            |       |     7 |    15 |     6 ||    28
  Eat: Corpse            |       |     2 |     8 |     4 ||    14
Armor: Animal skin       |     5 |       |       |       ||     5
       Ring mail         |     9 |       |       |       ||     9
       Chain mail        |    10 |   108 |   181 |   102 ||   401
Dodge: Dodged            |    41 |    57 |   138 |   122 ||   358
Block: Other             |       |     4 |    38 |     5 ||    47
       Reflection        |       |       |     1 |     4 ||     5
       Buckler           |       |       |       |    71 ||    71
       Rpst.: Falchion   |     9 |    13 |    18 |       ||    40
       Long sword        |       |       |    16 |       ||    16
       Scimitar          |       |       |     5 |    30 ||    35

Action                   |  1- 3 |  4- 6 |  7- 9 | 10-12 || total
-------------------------+-------+-------+-------+-------++-------
Melee: Falchion          |    76 |   200 |   207 |       ||   483
       Bite              |     5 |    28 |    55 |    40 ||   128
       Kick              |       |       |    71 |    39 ||   110
       Long sword        |       |       |   151 |       ||   151
       Scimitar          |       |       |    29 |   302 ||   331
 Fire: Blowgun           |       |       |       |     3 ||     3
Invok: Berserk           |       |     1 |     9 |     7 ||    17
       Burn Spellbooks   |       |       |     2 |     3 ||     5
       Trog's Hand       |       |       |       |     1 ||     1
  Use: Potion            |       |    13 |    14 |    10 ||    37
       Scroll            |       |     7 |    15 |     6 ||    28
  Eat: Corpse            |       |     2 |     8 |     4 ||    14
Armor: Animal skin       |     5 |       |       |       ||     5
       Ring mail         |     9 |       |       |       ||     9
       Chain mail        |    10 |   108 |   181 |   102 ||   401
Dodge: Dodged            |    41 |    57 |   138 |   122 ||   358
Block: Other             |       |     4 |    38 |     5 ||    47
       Reflection        |       |       |     1 |     4 ||     5
       Buckler           |       |       |       |    71 ||    71
       Rpst.: Falchion   |     9 |    13 |    18 |       ||    40
       Long sword        |       |       |    16 |       ||    16
       Scimitar          |       |       |     5 |    30 ||    35
